 Dungeon Crawl Stone Soup version 0.28-a0-1227-ga9037bb4c8 (webtiles) character file.

Game seed: 10828851296427172943

132169 porpoise the Thaumaturge (level 16, -7/92 HPs)
             Began as a Deep Elf Conjurer on Dec 21, 2021.
             Was a High Priest of Vehumet.
             Blown up by an orb spider (40 damage)
             ... with an orb of destruction
             ... on level 4 of the Spider Nest on Dec 23, 2021.
             The game lasted 03:42:51 (43971 turns).

porpoise the Thaumaturge (Deep Elf Conjurer)       Turns: 43971, Time: 03:42:52

Health: -7/92      AC: 10    Str:  8    XL:     16   Next: 57%
Magic:  3/45       EV: 17    Int: 28    God:    Vehumet [*****.]
Gold:   3619       SH:  5    Dex: 13    Spells: 4/43 levels left

rFire   + + .      SeeInvis .   a - staff of conjuration
rCold   . . .      Faith    .   F - +0 buckler
rNeg    . . .      Spirit   .   m - +2 robe {Archmagi}
rPois   .          Reflect  .   I - +0 helmet
rElec   +          Harm     .   d - scarf {rC+ rF+}
rCorr   .          Rampage  .   n - +1 pair of gloves
Will    ++...      Archmagi +   o - +2 pair of boots of the Wasteland {rElec Will+}
Stlth   +++++.....              e - amulet of regeneration
HPRegen 1.05/turn               Q - ring of fire
MPRegen 0.29/turn               r - ring of magical power

@: lethally poisoned (-7 -> -9), slowed, very slow
A: no striking features
a: Renounce Religion


You were on level 4 of the Spider Nest.
You worshipped Vehumet.
Vehumet was extremely pleased with you.
You visited 5 branches of the dungeon, and saw 28 of its levels.
You also visited: Ossuary.

You collected 4408 gold pieces.
You spent 789 gold pieces at shops.

Inventory:

Hand Weapons
 b - a +1 hunting sling of venom
Missiles
 g - 192 sling bullets
 H - 3 curare-tipped darts
 W - 5 datura-tipped darts (quivered)
Armour
 d - a scarf of resistance (worn)
 m - a +2 robe of the Archmagi (worn)
 n - a +1 pair of gloves (worn)
 o - the +2 pair of boots of the Wasteland (worn) {rElec Will+}
   (You found it on level 3 of the Lair of Beasts)

   rElec:     It insulates you from electricity.
   Will:      It increases your willpower.
 F - a +0 buckler (worn)
 I - a +0 helmet (worn)
Magical Staves
 a - a staff of conjuration (weapon)
 w - a staff of earth
Jewellery
 e - an amulet of regeneration (around neck)
 r - a ring of magical power (right hand)
 t - a ring of positive energy
 Q - a ring of fire (left hand)
 S - a ring of protection from cold
Wands
 c - a wand of flame (10)
 k - a wand of iceblast (25)
 u - a wand of polymorph (30)
 x - a wand of acid (2)
 y - a wand of paralysis (10)
 B - a wand of digging (10)
 U - a wand of mindburst (20)
 V - a wand of charming (6)
Scrolls
 E - 4 scrolls of blinking
 G - 6 scrolls of fog
 J - 3 scrolls of holy word
 K - 6 scrolls of magic mapping
 L - 4 scrolls of identify
 M - 9 scrolls of teleportation
 N - 3 scrolls of vulnerability
 X - 3 scrolls of fear
Potions
 i - 3 potions of heal wounds
 l - 3 potions of cancellation
 q - 3 potions of haste
 s - 9 potions of curing
 A - 6 potions of invisibility
 D - 2 potions of ambrosia
 O - 2 potions of lignification
 T - a potion of resistance
 Y - 4 potions of magic
Miscellaneous
 P - a lightning rod (4/4)
 R - a phantom mirror


   Skills:
 - Level 7.0 Fighting
 - Level 12.0 Dodging
 + Level 11.4 Stealth
 - Level 4.0 Shields
 - Level 14.0 Spellcasting
 - Level 12.0 Conjurations
 - Level 12.0 Hexes
 - Level 7.0 Necromancy
 - Level 7.0 Translocations
 - Level 7.0 Transmutations
 - Level 12.0 Fire Magic
 + Level 11.2 Earth Magic
 - Level 5.0 Poison Magic
 + Level 7.3 Evocations


You had 4 spell levels left.
You knew the following spells:

 Your Spells              Type           Power      Damage    Failure   Level
a - Magic Dart            Conj           100%       1d8       0%          1
b - Searing Ray           Conj           100%       2d8       1%          2
c - Fulminant Prism       Conj/Hex       57%        3d25      1%          4
d - Iskenderun's Mystic   Conj/Tloc      100%       2d19      1%          4
e - Iron Shot             Conj/Erth      56%        9d11      1%          6
f - Fireball              Conj/Fire      69%        3d26      1%          5
i - Ignite Poison         Fire/Tmut/Pois 98%        N/A       1%          3
k - Blink                 Tloc           100%       N/A       1%          2
l - Lee's Rapid Deconstr  Erth           44%        3d22*     1%          5
r - Irradiate             Conj/Tmut      52%        3d31      1%          5
u - Sublimation of Blood  Necr           73%        N/A       1%          2

Your spell library contained the following spells:

 Spells                   Type           Power      Damage    Failure   Level
 Conjure Ball Lightning   Conj/Air       44%        3x3d15    10%         6
 Freeze                   Ice            100%       1d11      1%          1
 Shock                    Conj/Air       100%       1d9       1%          1
 Static Discharge         Conj/Air       88%        N/A       1%          2
 Dazzling Flash           Conj/Hex       100%       N/A       1%          3
 Gell's Gravitas          Tloc           73%        N/A       1%          3
 Lesser Beckoning         Tloc           73%        N/A       1%          3
 Teleport Other           Tloc           73%        N/A       1%          3
 Dispel Undead            Necr           73%        3d24      1%          4
 Hailstorm                Conj/Ice       88%        3d18      1%          4
 Petrify                  Tmut/Erth      82%        N/A       1%          4
 Sticky Flame             Conj/Fire      100%       2d11      1%          4
 Frozen Ramparts          Ice            58%        1d7       2%          3
 Airstrike                Air            14%        N/A       7%          4
 Ozocubu's Armour         Ice            29%        N/A       8%          3
 Swiftness                Air            29%        N/A       8%          3
 Iskenderun's Battlesphe  Conj           100%       2d15      1%          5
 Freezing Cloud           Conj/Ice/Air   38%        6-21      4%          5
 Manifold Assault         Tloc           73%        N/A       4%          5
 Dispersal                Tloc           36%        N/A       22%         6
 Spellforged Servitor     Conj/Summ      44%        N/A       41%         7
 Simulacrum               Ice/Necr       28%        N/A       67%         6
 Ozocubu's Refrigeration  Ice            14%        4d7       99%         7
 Polar Vortex             Ice            14%        N/A       100%        9


Dungeon Overview and Level Annotations

Branches:
Dungeon (15/15)            Temple (1/1) D:4            Lair (6/6) D:9
 Shoals (0/4) Lair:2       Spider (4/4) Lair:2        Slime (0/5) Lair:6
    Orc (2/2) D:9             Elf (0/3) Orc:2        Vaults (0/5) D:13
 Depths (0/4) D:15        Ossuary (visited)

Altars:
Ashenzari
Cheibriados
Dithmenos
Elyvilon
Fedhas
Gozag
Hepliaklqana
Kikubaaqudgha
Makhleb
Nemelex Xobeh
Okawaru
Qazlal
Ru
Sif Muna
Trog
Uskayaw
Vehumet
Wu Jian
Xom
Yredelemnul
Zin
The Shining One
Beogh
Jiyva

Shops:
D:7 =   D:14 ?   Orc:1 (   Orc:2 ?!??


Message History

You feel very sick.
The hornet stings you but does no damage.
The orb spider spins a strand of pure energy.
The hornet stings you but does no damage.
You can move again.
You feel very sick. The hornet stings you.
You feel as though you will be slow longer.
You feel sick.
The orb spider weaves a glowing orb of energy.
The hornet stings you.
You are more poisoned.
You suddenly lose the ability to move!
The hornet stings you.
You are more poisoned.
You feel as though you will be slow longer.
An orb of destruction comes into view.
You feel extremely sick.
The orb spider spins a strand of pure energy.
The hornet stings you but does no damage.
You feel very sick. The hornet stings you.
You feel as though you will be slow longer.
The orb of destruction hits you!!
* * * LOW HITPOINT WARNING * * *
The hornet stings you but does no damage.
You can move again.
You feel much better.
You feel very sick.
The orb spider weaves a glowing orb of energy.
You block the hornet's attack. The hornet completely misses you.
An orb of destruction comes into view.
Casting: Iron Shot (dangerous; 1% risk of failure)
Confirm with . or Enter, or press ? or * to list all spells.
You feel a strong surge of power!
You erupt in a blast of force!
The mystic blast hits the hornet!
The hornet is heavily wounded.
The hornet is knocked back by the mystic blast.
You feel very sick. The orb of destruction hits you!!!
You die...

#..........
##.........
#........
##......# ..
#..^....####..
#^<..s......
#####.........^
#^.....○○.......
##....@☼....^.....
#........(.....†..
#.............††..
#^....y.......)...
##^......)^.......
##...............
#^.^##........†..
######^..........
#..^..#.....


You could see an orb spider and a hornet.

Vanquished Creatures
  Gastronok (Lair:3)
  2 emperor scorpions (Spider:3)
  A ghost moth (Spider:4)
  The ghost of Creed the Devastator, a journeyman DsCj of Vehumet (Lair:6)
  5 entropy weavers
  A spark wasp (Spider:2)
  An ettin (Orc:2)
  A fire dragon (D:14)
  A rakshasa (D:15)
  6 boulder beetles
  8 vault guards (D:13)
  10 hydras
  A catoblepas (Lair:5)
  2 spriggan zombies (D:15)
  6 centaur warriors
  A death knight (D:15)
  A vampire mage (D:15)
  A dancing weapon (Lair:6)
  3 tengu warriors
  3 two-headed ogres
  4 orc high priests
  5 skeletal warriors
  A wizard (D:11)
  A lindwurm (Lair:5)
  2 phantasmal warriors
  A wolf spider zombie (D:10)
  4 deep elf pyromancers
  A necromancer (D:15)
  2 orc knights (Orc:2)
  13 orb spiders
  18 wolf spiders
  6 manticores
  A frost giant zombie (D:15)
  3 orc sorcerers (Orc:2)
  16 ugly things
  8 cyclopes
  An elephant (shapeshifter) (D:15)
  6 elephants (Lair:4)
  3 moths of wrath
  A fire giant zombie (D:15)
  4 black mambas
  The ghost of Cancer the Destroyer, a novice GrCj (D:5)
  5 cane toads
  2 rime drakes
  An unseen horror (D:9)
  Maggie (D:6)
  Psyche (D:10)
  6 komodo dragons
  A yaktaur (shapeshifter) (D:14)
  9 demonic crawlers
  An unseen horror (shapeshifter) (D:14)
  2 hellwings (D:10)
  2 tengu conjurers
  An efreet (D:11)
  25 jumping spiders
  2 trolls
  4 meliai
  5 polar bears
  A hornet (shapeshifter) (D:14)
  3 blink frogs (Lair:4)
  6 hornets
  9 slime creatures
  18 tarantellas
  51 redbacks
  14 spriggans
  2 shadows
  4 basilisks
  31 yaks
  A vampire (D:11)
  Eustachio (D:5)
  5 wraiths
  3 wyverns
  A human (D:9)
  5 vampire mosquitoes
  3 steam dragons
  4 wargs
  Menkaure (D:6)
  An acid dragon (D:10)
  28 orc warriors
  2 necrophages
  10 water moccasins
  3 ice beasts (D:6)
  11 ogres
  4 black bears
  27 wolves
  4 boggarts (Lair:6)
  8 centaurs
  A phantom (D:4)
  10 bullfrogs
  2 gnoll sergeants
  2 wyvern zombies
  A scorpion (D:7)
  A water moccasin zombie (D:6)
  2 water moccasin skeletons
  The ghost of bearlyready the Slasher, a weakling MiDe (D:6)
  17 killer bees
  4 wights
  8 howler monkeys
  5 electric eels (Lair:4)
  39 orc priests
  5 centaur skeletons
  A hound (D:7)
  Crazy Yiuf (D:4)
  2 centaur zombies
  A gnoll shaman (D:9)
  A water moccasin simulacrum (D:6)
  3 iguanas
  24 orc wizards
  12 gnolls
  16 adders
  5 river rats
  4 shadow imps
  5 white imps
  An ufetubus (D:6)
  An adder skeleton (D:4)
  5 worms
  91 orcs
  9 endoplasms
  4 giant cockroaches
  6 goblins
  8 hobgoblins
  6 jackals
  7 quokkas
  2 ball pythons
  14 bats
  A frilled lizard (D:1)
  7 kobolds
  12 rats
  A fulminant prism (Lair:2)
835 creatures vanquished.

Vanquished Creatures (collateral kills)
  4 orcs (Orc:1)
  A fulminant prism (Orc:1)
5 creatures vanquished.

Vanquished Creatures (others)
  An orb spider (Spider:4)
  An orc (Orc:1)
  A bush (Lair:3)
  159 fulminant prisms
  42 fungi
  89 plants
  13 withered plants
306 creatures vanquished.

Grand Total: 1146 creatures vanquished

Notes
Turn   | Place    | Note
-------+----------+-------------------------------------------
     0 | D:1      | porpoise the Deep Elf Conjurer began the quest for the Orb.
     0 | D:1      | Reached XP level 1. HP: 10/10 MP: 6/6
   341 | D:1      | Reached XP level 2. HP: 15/15 MP: 2/8
   594 | D:1      | Learned a level 2 spell: Searing Ray
   723 | D:1      | You fall into a shaft and drop 1 floor!
   834 | D:2      | Reached skill level 4 in Spellcasting
   834 | D:2      | Reached skill level 5 in Conjurations
   834 | D:2      | Reached XP level 3. HP: 7/19 MP: 0/10
   834 | D:2      | Reached XP level 4. HP: 9/24 MP: 0/12
  1021 | D:2      | Learned a level 4 spell: Fulminant Prism
  1026 | D:2      | Learned a level 4 spell: Iskenderun's Mystic Blast
  1887 | D:2      | Reached skill level 1 in Hexes
  2665 | D:3      | Noticed a necrophage
  2673 | D:3      | Killed a necrophage
  2674 | D:3      | Reached skill level 5 in Spellcasting
  2674 | D:3      | Reached XP level 5. HP: 20/28 MP: 5/14
  3426 | D:3      | Noticed an ogre
  3433 | D:3      | Killed an ogre
  3434 | D:3      | Reached XP level 6. HP: 32/32 MP: 7/16
  3465 | D:3      | Reached skill level 6 in Spellcasting
  4290 | D:4      | Found a staircase to the Ecumenical Temple.
  4460 | Temple   | Entered the Ecumenical Temple
  4512 | Temple   | Became a worshipper of Vehumet
  4698 | D:4      | Reached skill level 5 in Stealth
  4698 | D:4      | Reached skill level 5 in Hexes
  4698 | D:4      | Reached XP level 7. HP: 36/36 MP: 8/19
  4771 | D:4      | Identified the +7 mace "Gias" {protect, *Noise rPois Will+
                  | Dex+3}
  4899 | D:4      | Reached skill level 7 in Spellcasting
  5182 | D:4      | Reached skill level 1 in Translocations
  5667 | D:4      | Reached * piety under Vehumet
  5667 | D:4      | Offered knowledge of Foxfire by Vehumet.
  6083 | D:4      | Found a runed translucent door.
  6084 | D:4      | Noticed Crazy Yiuf
  6092 | D:4      | Killed Crazy Yiuf
  6362 | D:5      | Entered Level 5 of the Dungeon
  6460 | D:5      | Identified a scroll of acquirement
  6460 | D:5      | Acquired 949 gold pieces
  6989 | D:5      | Found a runed translucent door.
  6990 | D:5      | Noticed Cancer's ghost (novice GrCj)
  7033 | D:5      | Found a runed translucent door.
  7143 | D:5      | Reached XP level 8. HP: 41/41 MP: 11/20
  7358 | D:6      | Noticed Maggie
  7365 | D:6      | Killed Maggie
  7366 | D:6      | Reached skill level 5 in Translocations
  7493 | D:6      | Found a sand-covered staircase.
  7505 | D:6      | Reached skill level 1 in Evocations
  7511 | Ossuary  | Entered an ossuary
  7524 | D:6      | Noticed Eustachio
  7626 | D:5      | Killed Eustachio
  7859 | D:6      | Noticed Menkaure
  7864 | D:6      | Killed Menkaure
  7865 | D:6      | Reached skill level 8 in Spellcasting
  7924 | D:6      | Found a runed translucent gate.
  7925 | D:6      | Found a runed translucent gate.
  7936 | D:6      | Found a runed translucent gate.
  7941 | D:6      | Reached XP level 9. HP: 45/45 MP: 15/23
  8086 | D:6      | Noticed bearlyready's ghost (weakling MiDe)
  8624 | D:7      | Found Namim's Jewellery Shop.
  8660 | D:7      | Offered knowledge of Sandblast by Vehumet.
  8763 | D:6      | Reached skill level 9 in Spellcasting
  9187 | D:7      | Reached ** piety under Vehumet
  9414 | D:7      | Identified the +3 chain mail "Moskyat" {+Blink Fly rF+
                  | Dex-3}
  9666 | D:7      | Reached skill level 10 in Spellcasting
  9744 | D:7      | Found a broken altar of Ashenzari.
 10768 | D:8      | Reached skill level 11 in Spellcasting
 10945 | D:8      | Reached skill level 5 in Evocations
 10953 | D:8      | Offered knowledge of Stone Arrow by Vehumet.
 10964 | D:8      | Reached *** piety under Vehumet
 11578 | D:9      | Reached skill level 12 in Spellcasting
 11639 | D:9      | Reached skill level 1 in Fighting
 11639 | D:9      | Reached XP level 10. HP: 49/52 MP: 22/28
 11686 | D:9      | Identified the +9 dagger "Ziez" {holy, rC- Str+8 Int+6}
 11726 | D:9      | Offered knowledge of Airstrike by Vehumet.
 12583 | D:9      | Reached **** piety under Vehumet
 12646 | D:9      | Offered knowledge of Ignite Poison by Vehumet.
 12922 | D:9      | Reached skill level 5 in Fighting
 13190 | D:9      | Found a staircase to the Orcish Mines.
 13254 | D:9      | Found a staircase to the Lair.
 13584 | D:9      | Identified the +11 rapier of Qenuchud {flame, Drain Fly
                  | rPois Will+ Dex+5}
 13714 | D:10     | Entered Level 10 of the Dungeon
 13714 | D:10     | Noticed Psyche
 13717 | D:10     | Killed Psyche
 13854 | D:9      | Learned a level 6 spell: Iron Shot
 13896 | Lair:1   | Entered Level 1 of the Lair of Beasts
 13904 | Lair:1   | You fall into a shaft and drop 1 floor!
 13988 | Lair:2   | Noticed a black mamba
 14059 | Lair:2   | Reached XP level 11. HP: 63/63 MP: 20/29
 14470 | Lair:2   | Reached skill level 1 in Earth Magic
 14768 | Lair:2   | Found a staircase to the Shoals.
 15604 | Lair:1   | Found a shimmering altar of Xom.
 16655 | Lair:2   | Noticed a wolf spider
 16663 | Lair:2   | Killed a wolf spider
 16664 | Lair:2   | Reached skill level 13 in Spellcasting
 17025 | Lair:2   | Found a hole to the Spider Nest.
 17416 | Lair:3   | Reached skill level 5 in Earth Magic
 17559 | Lair:3   | Identified the +2 pair of boots of the Wasteland {rElec
                  | Will+}
 17683 | Lair:3   | Noticed Gastronok
 17698 | Lair:3   | Killed Gastronok
 17699 | Lair:3   | Reached skill level 14 in Spellcasting
 17881 | Lair:3   | Reached XP level 12. HP: 68/68 MP: 14/32
 18971 | Lair:4   | Noticed a five-headed hydra
 18974 | Lair:4   | Found a basalt altar of Yredelemnul.
 18988 | Lair:4   | Killed a five-headed hydra
 19084 | Lair:3   | Upgraded the game from 0.28-a0-1206-g193881aaa2 to
                  | 0.28-a0-1213-g0243856f03
 19088 | Lair:3   | Learned a level 3 spell: Ignite Poison
 19101 | Lair:4   | Reached ***** piety under Vehumet
 19161 | Lair:4   | Offered knowledge of Lee's Rapid Deconstruction by Vehumet.
 20016 | Lair:5   | Noticed a six-headed hydra
 20021 | Lair:5   | Killed a six-headed hydra
 20475 | Lair:1   | Learned a level 5 spell: Lee's Rapid Deconstruction
 20847 | Lair:5   | Reached skill level 1 in Transmutations
 21026 | Lair:5   | Noticed a boulder beetle
 21030 | Lair:5   | Killed a boulder beetle
 21728 | D:10     | Noticed a two-headed ogre
 21952 | D:10     | Reached skill level 10 in Hexes
 22222 | D:10     | Killed a two-headed ogre
 22223 | D:10     | Reached skill level 5 in Dodging
 22449 | D:10     | Acquired a staff of conjuration
 22796 | D:10     | Reached XP level 13. HP: 61/76 MP: 17/33
 23705 | D:11     | Learned a level 2 spell: Blink
 24002 | D:11     | Reached skill level 5 in Transmutations
 24151 | D:11     | Reached skill level 1 in Fire Magic
 25852 | D:12     | Learned a level 2 spell: Sublimation of Blood
 25858 | D:12     | Learned a level 5 spell: Irradiate
 26573 | D:13     | Reached skill level 5 in Fire Magic
 26815 | D:13     | Reached skill level 1 in Necromancy
 27482 | D:13     | Reached skill level 10 in Conjurations
 27588 | D:13     | Found a gate to the Vaults.
 27699 | D:13     | Reached XP level 14. HP: 82/82 MP: 26/34
 28101 | D:14     | Found a shadowy altar of Dithmenos.
 28109 | D:14     | Found Jophe Ecrit's Magic Scroll Boutique.
 28117 | D:14     | Bought a scroll of blinking for 105 gold pieces
 28453 | D:14     | Reached skill level 5 in Necromancy
 29497 | D:6      | Killed bearlyready's ghost
 29502 | D:6      | Reached skill level 1 in Poison Magic
 30279 | D:15     | Entered Level 15 of the Dungeon
 30470 | D:15     | Found a staircase to the Depths.
 30772 | D:15     | Offered knowledge of Lightning Bolt by Vehumet.
 30884 | D:15     | Reached skill level 10 in Stealth
 32146 | D:15     | Reached skill level 5 in Poison Magic
 32488 | D:15     | Reached skill level 1 in Shields
 33195 | Lair:1   | Upgraded the game from 0.28-a0-1213-g0243856f03 to
                  | 0.28-a0-1227-ga9037bb4c8
 33271 | Lair:6   | Entered Level 6 of the Lair of Beasts
 33460 | Lair:6   | Identified the +8 quarterstaff of Calculation {flame,
                  | rPois}
 33481 | Lair:6   | Reached XP level 15. HP: 86/86 MP: 12/35
 34182 | Lair:6   | Found a staircase to the Slime Pits.
 34182 | Lair:6   | Found a viscous altar of Jiyva.
 34972 | Lair:6   | Found a runed translucent door.
 34973 | Lair:6   | Found a shimmering altar of Xom.
 34973 | Lair:6   | Noticed Creed's ghost (journeyman DsCj)
 35000 | Lair:6   | Offered knowledge of Fireball by Vehumet.
 35007 | Lair:6   | Learned a level 5 spell: Fireball
 35375 | Lair:6   | Identified the +4 lajatang of Growth {venom, Int+4 Stlth+}
 36167 | Lair:6   | Killed Creed's ghost
 36424 | D:5      | Killed Cancer's ghost
 36848 | Orc:1    | Entered Level 1 of the Orcish Mines
 36886 | Orc:1    | Found Unas's Antique Weapon Shoppe.
 37510 | Orc:2    | Entered Level 2 of the Orcish Mines
 37514 | Orc:2    | Reached skill level 10 in Dodging
 37514 | Orc:2    | Found a staircase to the Elven Halls.
 37708 | Orc:2    | Offered knowledge of Starburst by Vehumet.
 39379 | Orc:2    | Found Goxoxzil's Magic Scroll Shop.
 39379 | Orc:2    | Found Sawut's Distillery.
 39386 | Orc:2    | Found Giahiq's Magic Scroll Boutique.
 39386 | Orc:2    | Found Uxzyrr's Magic Scroll Boutique.
 39430 | Orc:2    | Bought a scroll of fog for 32 gold pieces
 39430 | Orc:2    | Bought a scroll of magic mapping for 56 gold pieces
 39432 | Orc:2    | Bought a scroll of magic mapping for 45 gold pieces
 39434 | Orc:2    | Bought a scroll of fear for 45 gold pieces
 39434 | Orc:2    | Bought a scroll of blinking for 97 gold pieces
 39434 | Orc:2    | Bought a scroll of magic mapping for 45 gold pieces
 39439 | Orc:2    | Bought a potion of cancellation for 104 gold pieces
 39439 | Orc:2    | Bought a potion of heal wounds for 65 gold pieces
 39439 | Orc:2    | Bought a potion of haste for 130 gold pieces
 39439 | Orc:2    | Bought a potion of heal wounds for 65 gold pieces
 39730 | Spider:1 | Entered Level 1 of the Spider Nest
 39737 | Spider:1 | Reached ****** piety under Vehumet
 39740 | Spider:1 | Offered knowledge of Yara's Violent Unravelling by Vehumet.
 40792 | Spider:1 | You fall into a shaft and drop 1 floor!
 40921 | Spider:2 | Reached XP level 16. HP: 92/92 MP: 36/36
 41028 | Spider:2 | Reached skill level 10 in Fire Magic
 41265 | Spider:2 | Offered knowledge of Conjure Ball Lightning by Vehumet.
 41623 | Spider:2 | Reached skill level 10 in Earth Magic
 42734 | Spider:3 | Identified the +0 helmet of the Circus Animal {+Blink rN+++
                  | Int-4}
 43068 | Spider:3 | Acquired 891 gold pieces
 43485 | Spider:4 | Entered Level 4 of the Spider Nest
 43963 | Spider:4 | Paralysed by a hornet for 3 turns
 43967 | Spider:4 | Paralysed by a hornet for 3 turns
 43971 | Spider:4 | Blown up by an orb spider

Illustrated notes

Levels and vault maps discovered:
D:1:      minmay_arrival_glassed_features, layout_basic, minmay_misc_feat_x
D:2:      layout_rooms, minmay_pentomino_v4
D:3:      layout_loops_ring
D:4:      layout_basic, minmay_temple_entry_proselytizer,
          minmay_fractal_squares_5, uniq_crazy_yiuf_cottage
D:5:      layout_rooms, ebering_ghost_sewer_f, corexii_item_surrounded_by_moat,
          serial_park_tiny_pond
D:6:      layout_basic, gammafunk_ghost_icy, enter_ossuary_3,
          lightli_sewer_entry_pipes, nicolae_fountain_basement, uniq_eustachio,
          uniq_maggie, uniq_menkaure
D:7:      layout_loops_ring, evilmike_ruin_ashenzari, serial_shops, shop,
          chequers_serial_rivers_micro_d, kennysheep_decorative_pillar,
          minmay_puff
D:8:      layout_basic, special_room [special_room_orc]
D:9:      layout_basic, david_lair_generic, erik_orc_4,
          onia_ninara_dug_in_and_dangerous
D:10:     cheibrodos_grave_circle, layout_basic, uniq_psyche
D:11:     minmay_diamond_stairs, layout_long_grid
D:12:     layout_irregular_city, eino_jars
D:13:     layout_basic, erik_vaults_2, chequers_serial_rivers_large_a
D:14:     dragon1_lemuel, layout_loops_corners, serial_shops, shop,
          grunt_dithmenos_smoke, minmay_fractal_squares_diagonal_5
D:15:     gammafunk_depths_entry_grave, layout_cave_pools, nrook_uturn
Temple:   compressed_dpeg_circular_temple
Lair:1:   layout_layer_cave, basic_altar
Lair:2:   layout_cellular_growth, minmay_shoals_entry_centaurs,
          spider_nest_entry_funnel_web, nicolae_volcano_entry_s_turn
Lair:3:   layout_loops_ring, uniq_gastronok
Lair:4:   layout_cave_shapes, basic_altar, serial_bayou, serial_bayou_shore_a,
          serial_bayou_lake_a, serial_bayou_pond_a, serial_bayou_pond_d
Lair:5:   layout_small_grid, infiniplex_staircase_pool, grunt_megastairs_1,
          serial_bayou_shore_b
Lair:6:   minmay_lair_end_enchanted_forest, layout_regular_city, slime_altar_1,
          ebering_ghost_xom, roderic_batcave, grunt_megastairs_4,
          lemuel_fruit_fields
Spider:1: layout_spider_delve
Spider:2: nicolae_spider_hilbert_zone_5 [nicolae_spider_hilbert_3_sides_1_open,
          nicolae_spider_hilbert_4_sides_1_open,
          nicolae_spider_hilbert_4_sides_1_open,
          nicolae_spider_hilbert_6_sides_1_open,
          nicolae_spider_hilbert_6_sides_1_open]
Spider:3: layout_spider_delve
Spider:4: spider_rune_water
Orc:1:    layout_caves, serial_shops, shop
Orc:2:    st_orc_mages, layout_caves

Skill      XL: |  1  2  3  4  5  6  7  8  9 10 11 12 13 14 15 16 |
---------------+-------------------------------------------------+-----
Stealth        | 3 4 5 7 9 11 | 11.4
Spellcasting   | 4 5 6 7 8 12 14 | 14.0
Conjurations   | 5 6 7 8 9 10 12 | 12.0
Hexes          | 3 5 6 7 9 10 12 | 12.0
Translocations | 3 5 6 7 |  7.0
Evocations     | 2 5 7 |  7.3
Fighting       | 1 5 7 |  7.0
Earth Magic    | 7 9 11 | 11.2
Dodging        | 5 7 9 12 | 12.0
Transmutations | 3 5 7 |  7.0
Fire Magic     | 5 9 12 | 12.0
Necromancy     | 3 5 7 |  7.0
Poison Magic   | 5 |  5.0
Shields        | 3 4 |  4.0

Action                   |  1- 3 |  4- 6 |  7- 9 | 10-12 | 13-15 | 16-18 || total
-------------------------+-------+-------+-------+-------+-------+-------++-------
Melee: Unarmed           |     1 |       |       |       |       |       ||     1
       Short sword       |       |       |       |     1 |       |       ||     1
       Staff             |       |       |       |       |     7 |     3 ||    10
 Fire: Hunting sling     |       |    32 |    57 |    74 |    76 |     9 ||   248
Throw: Boomerang         |       |       |       |     1 |       |       ||     1
       Dart              |       |       |       |       |     4 |       ||     4
 Cast: Magic Dart        |    39 |    30 |     8 |       |       |       ||    77
       Searing Ray       |     2 |    28 |    88 |    86 |    57 |    12 ||   273
       Fulminant Prism   |       |     1 |    13 |    61 |    86 |       ||   161
       Iskenderun's Myst |       |       |    13 |    58 |    90 |    19 ||   180
       Iron Shot         |       |       |       |    26 |   214 |    66 ||   306
       Fireball          |       |       |       |       |    61 |    18 ||    79
       Irradiate         |       |       |       |       |    12 |     5 ||    17
       Lee's Rapid Decon |       |       |       |       |     4 |       ||     4
       Ignite Poison     |       |       |       |       |     1 |       ||     1
Evoke: Wand              |       |       |       |    24 |    10 |       ||    34
  Use: Scroll            |       |    10 |    12 |     7 |     6 |     1 ||    36
       Potion            |       |       |     1 |       |     1 |     2 ||     4
 Stab: Paralysed         |       |       |       |       |     2 |       ||     2
Armor: Robe              |     2 |     1 |    16 |    43 |    34 |    13 ||   109
Dodge: Dodged            |     5 |     7 |    80 |   131 |   141 |    27 ||   391
Block: Buckler           |       |       |       |       |    30 |    13 ||    43

Table legend: (Time is in decaauts)
 A = Elapsed time spent in this place.
 B = Non-inter-level travel time spent in this place.
 C = Inter-level travel time spent in this place.
 D = Time resting spent in this place.
 E = Time spent auto-exploring this place.
 F = Levels seen in this place.
 G = Mean time per level.
                   A        B        C        D        E       F      G
               +--------+--------+--------+--------+--------+-----+--------+
         Total |  44145 |  40364 |   3781 |  19086 |  13730 |  29 | 1522.2 |
       Dungeon |  26071 |  23784 |   2287 |  11833 |   7875 |  15 | 1738.1 |
        Temple |     83 |     69 |     14 |      0 |     33 |   1 |   83.0 |
          Lair |  11668 |  10640 |   1028 |   4700 |   4238 |   6 | 1944.7 |
   Spider Nest |   3617 |   3237 |    380 |   1384 |   1109 |   4 |  904.2 |
  Orcish Mines |   2699 |   2628 |     71 |   1169 |    475 |   2 | 1349.5 |
       Ossuary |      4 |      4 |      0 |      0 |      0 |   1 |    4.0 |
               +--------+--------+--------+--------+--------+-----+--------+

Top non-repeatable levels by time:
  Lair:2: 3144 daAuts
    D:14: 2993 daAuts
     D:8: 2510 daAuts
     D:4: 2396 daAuts
     D:9: 2077 daAuts
  Lair:5: 1980 daAuts
  Lair:6: 1944 daAuts
    D:12: 1746 daAuts
  Lair:4: 1737 daAuts
    D:10: 1664 daAuts
     D:5: 1647 daAuts
  Lair:1: 1599 daAuts
     D:6: 1573 daAuts
Spider:3: 1568 daAuts
    D:13: 1486 daAuts
